 Dungeon Crawl Stone Soup version 0.30-a0-924-g0ad0bf95bc (webtiles) character file.

Game seed: 11769528273507299048

310 cforsyth the Cudgeller (level 6, -1/48 HPs)
             Began as a Human Fighter on Mar 22, 2023.
             Slain by a river rat (8 damage)
             ... on level 4 of the Dungeon.
             The game lasted 00:05:00 (3981 turns).

cforsyth the Cudgeller (Human Fighter)              Turns: 3981, Time: 00:05:01

Health: -1/48      AC:  9    Str: 18    XL:     6   Next: 69%
Magic:  6/6        EV:  6    Int:  8    God:
Gold:   160        SH:  6    Dex: 13    Spells: 5/5 levels left

rFire   . . .      SeeInvis .    a - +1 flail
rCold   . . .      Faith    .    c - +1 buckler
rNeg    . . .      Spirit   .    k - +0 chain mail
rPois   .          Reflect  .    (no helmet)
rElec   .          Rampage  .    (no cloak)
rCorr   .                        (no gloves)
Will    .....                    (no boots) Stlth
                                 (no amulet)
HPRegen 0.28/turn                (no ring)
MPRegen 0.10/turn                (no ring)

@: mighty
A: no striking features
a: no special abilities


You were on level 4 of the Dungeon.
You visited 1 branch of the dungeon, and saw 4 of its levels.

You collected 160 gold pieces.

Inventory:

Hand Weapons
 a - a +1 flail (weapon)
Armour
 b - a +0 scale mail
 c - a +1 buckler (worn)
 k - a +0 chain mail (worn)
Scrolls
 g - a scroll of magic mapping
 h - a scroll of poison {unknown}
 m - 2 scrolls of teleportation
Potions
 d - a potion of might
 e - a potion of attraction
 f - a potion of haste {unknown}
 i - 3 potions of flight
 l - 2 potions of invisibility
 r - 2 potions of brilliance {unknown}


   Skills:
 - Level 4.0 Fighting
 + Level 4.4 Maces & Flails
 - Level 4.0 Armour
 - Level 4.0 Shields


You had 5 spell levels left.
You didn't know any spells.
Your spell library contained the following spells:

 Spells                   Type           Power      Damage    Failure   Level
 Necrotise                Necr           0%         1d4       100%        1
 Dazzling Flash           Conj/Hex       0%         N/A       100%        3
 Vampiric Draining        Necr           0%         2d6       100%        3
 Iskenderun's Mystic Bla  Conj/Tloc      0%         2d3       100%        4
 Agony                    Necr           0%         N/A       100%        5
 Starburst                Conj/Fire      0%         6d3       100%        6


Dungeon Overview and Level Annotations

Branches:
Dungeon (4/15)
 Temple: D:4-7

Altars:

Shops:
D:3 =

Annotations:
D:2 1 runed translucent door, Crazy Yiuf


Message History

You hit the river rat.
The river rat is moderately wounded.
The river rat bites you. The river rat completely misses you.
You barely miss the river rat.
The river rat is moderately wounded.
The river rat barely misses you.
You sock the river rat!
You kill the river rat!
You block the adder's attack.
You sock the adder!
You kill the adder!
You barely miss the adder. The adder bites you but does no damage.
You block the adder's attack.
You barely miss the adder. The adder bites you.
* * * LOW HITPOINT WARNING * * *
You block the adder's attack.
You miss the adder. The adder bites you but does no damage.
You barely miss the adder. The adder bites you but does no damage.
The adder barely misses you.
You closely miss the adder. The adder bites you but does no damage.
The river rat twitches its whiskers.
The adder bites you but does no damage.
You closely miss the adder. The adder barely misses you.
You sock the adder!
You kill the adder!
You closely miss the river rat. The river rat bites you!
* * * LOW HITPOINT WARNING * * *
The river rat barely misses you.
Items here: ( ) †††.
The river rat bites you but does no damage.
The river rat attacks as you move away! The river rat bites you.
* * * LOW HITPOINT WARNING * * *
You thump the river rat!
The river rat is almost dead.
You block the river rat's attack.
You hit the river rat.
You kill the river rat!
The river rat bites you!
You die...

*..#~~~~~~~~*~~~...#***,*
*#.#*~*******~*,....,,,,*
##.#*~~~~~~∩*~~~...#*****
...####******~~,,..#
.#.##.##########,..#
.#.##.##...,,..#*#.#
...##.##.#####.# #.#
..).........##.###)#
..).#.##.##.....@r.#
......##.#####.#####
...#####.#***#.# ##.#
#..,,,..# .#.# ###**####
...# .### .# .#


You could see a river rat.

Vanquished Creatures
  Natasha (thrice) (D:2)
  Robin (D:2)
  2 river rats (D:4)
  11 adders
  3 worms (D:2)
  3 dart slugs
  7 orcs
  6 endoplasms
  5 giant cockroaches
  12 goblins
  7 hobgoblins
  17 kobolds
  2 quokkas
  7 ball pythons
  8 bats
  4 frilled lizards
  4 rats
102 creatures vanquished.

Notes
Turn   | Place    | Note
-------+----------+-------------------------------------------
     0 | D:1      | cforsyth the Human Fighter began the quest for the Orb.
     0 | D:1      | Reached XP level 1. HP: 18/18 MP: 1/1
    81 | D:1      | Reached XP level 2. HP: 23/24 MP: 2/2
   541 | D:1      | Reached XP level 3. HP: 29/29 MP: 3/3
  1054 | D:2      | Reached XP level 4. HP: 35/35 MP: 4/4
  1123 | D:2      | Found a runed translucent door.
  1124 | D:2      | Noticed Crazy Yiuf
  1532 | D:2      | Reached XP level 5. HP: 39/41 MP: 5/5
  1590 | D:2      | Noticed Robin
  1593 | D:2      | Killed Robin
  2123 | D:2      | Noticed Natasha
  2130 | D:2      | Killed Natasha
  2371 | D:2      | Noticed Natasha
  2376 | D:2      | Killed Natasha
  2864 | D:2      | Noticed Natasha
  2870 | D:2      | Killed Natasha
  2871 | D:2      | Reached XP level 6. HP: 42/48 MP: 6/6
  3569 | D:3      | Found a faded altar of an unknown god.
  3772 | D:3      | Found Hoisixuvoca's Jewellery Emporium.
  3981 | D:4      | Slain by a river rat

Illustrated notes

Levels and vault maps discovered:
D:1:      minmay_arrival_radiant_lines, layout_basic, chequers_arboretum,
          minmay_tetromino_t4
D:2:      minmay_chambers_of_twos, layout_loops_ring, nicolae_hexahallways,
          hex_large, chequers_serial_rivers_room_b, uniq_natasha,
          uniq_crazy_yiuf_cottage, uniq_robin
D:3:      layout_rooms, shapermc_ecumenical_altar_starsandcircs, serial_shops,
          nicolae_shop_crystal
D:4:      cheibrodos_fertilizer, layout_loops_cross,
          mainiacjoe_overflow_alcove_1, lightli_sewer_entry_pipes

Skill      XL: |  1  2  3  4  5  6 |
---------------+-------------------+-----
Maces & Flails | 3 4 |  4.4
Armour         | 4 |  4.0
Shields        | 4 |  4.0
Fighting       | 4 |  4.0

Action                     |  1- 3 |  4- 6 || total
---------------------------+-------+-------++-------
  Melee: Flail             |   106 |   287 ||   393
    Use: Scroll            |       |     8 ||     8
         Potion            |       |     2 ||     2
 Armour: Scale mail        |    42 |       ||    42
         Chain mail        |    30 |   226 ||   256
  Dodge: Dodged            |    44 |   112 ||   156
  Block: Buckler           |    23 |    87 ||   110

Table legend: (Time is in decaauts)
 A = Elapsed time spent in this place.
 B = Non-inter-level travel time spent in this place.
 C = Inter-level travel time spent in this place.
 D = Time resting spent in this place.
 E = Time spent auto-exploring this place.
 F = Levels seen in this place.
 G = Mean time per level.
                   A        B        C        D        E       F      G
               +--------+--------+--------+--------+--------+-----+--------+
         Total |   4100 |   3987 |    113 |    207 |   2924 |   4 | 1025.0 |
       Dungeon |   4100 |   3987 |    113 |    207 |   2924 |   4 | 1025.0 |
               +--------+--------+--------+--------+--------+-----+--------+

Top non-repeatable levels by time:
     D:2: 2345 daAuts
     D:1: 910 daAuts
     D:3: 657 daAuts
     D:4: 187 daAuts
